 Dungeon Crawl Stone Soup version 0.31-a0-876-gfe8ebadbca (webtiles) character file.

Game seed: 2233355379112116789

3831 Getoffmy the Cleaver (level 9, -21/82 HPs)
             Began as a Minotaur Fighter on Oct 13, 2023.
             Was a Follower of Qazlal.
             Killed by an exploding butterfly (30 damage)
             ... ignited by their inner flame
             ... on level 7 of the Dungeon.
             The game lasted 00:16:58 (6403 turns).

Getoffmy the Cleaver (Minotaur Fighter)             Turns: 6403, Time: 00:16:59

Health: -21/82     AC: 17    Str: 25    XL:     9   Next: 97%
Magic:  13/13      EV:  7    Int:  5    God:    Qazlal [*.....]
Gold:   271        SH: 12    Dex: 16    Spells: 8/8 levels left

rFire   . . .        a - +0 war axe
rCold   . . .        c - +0 buckler
rNeg    . . .        F - +1 plate armour
rPois   .            (helmet restricted)
rElec   +            (no cloak)
rCorr   .            f - +0 pair of gloves
SInv    +            j - +0 pair of boots
Will    .....        A - amulet "Noufon" {Reflect *Corrode rElec SH+5 SInv} Stlth
                     u - ring of see invisible
HPRegen 0.33/turn    D - +6 ring of dexterity
MPRegen 0.13/turn

%: corrode self (3%), reflection
@: no status effects
A: horns 2, retaliatory headbutt
a: Renounce Religion


You were on level 7 of the Dungeon.
You worshipped Qazlal.
Qazlal was aware of your devotion.
You visited 1 branch of the dungeon, and saw 7 of its levels.

You collected 271 gold pieces.

Inventory:

Hand Weapons
 a - a +0 war axe (weapon)
Missiles
 b - 6 boomerangs
 k - 23 stones
 z - 4 silver javelins
 C - 11 poisoned darts
Armour
 c - a +0 buckler (worn)
 f - a +0 pair of gloves (worn)
 j - a +0 pair of boots (worn)
 F - a +1 plate armour (worn)
Jewellery
 q - an amulet of reflection
 r - a ring of resist corrosion
 u - a ring of see invisible (left hand)
 y - a ring of flight
 A - the amulet "Noufon" (around neck) {Reflect *Corrode rElec SH+5 SInv}
   (You found it on level 5 of the Dungeon)

   [amulet of reflection]

   Reflect:   It reflects blocked missile attacks.
   rElec:     It insulates you from electricity.
   SInv:      It lets you see invisible.
   *Corrode:  It may corrode you when you take damage.
   SH+5:      It affects your SH (+5).
 D - a +6 ring of dexterity (right hand)
Wands
 d - a wand of polymorph (7)
 x - a wand of mindburst (15)
 E - a wand of acid (7)
Scrolls
 l - a scroll of fog
 o - 2 scrolls of vulnerability
 p - a scroll of teleportation
 v - a scroll of butterflies
 B - a scroll of immolation
 G - a scroll of noise {unknown}
Potions
 e - 2 potions of curing
 i - 3 potions of enlightenment
 m - 2 potions of heal wounds
 n - 2 potions of haste
 w - a potion of mutation


   Skills:
 + Level 8.8 Fighting
 + Level 10.5 Axes
 + Level 7.3 Armour
 - Level 5.3 Shields
 * Level 6.9 Invocations


You had 8 spell levels left.
You didn't know any spells.
Your spell library contained the following spells:

 Spells                   Type           Power      Damage    Failure   Level
 Freeze                   Ice            0%         1d3       100%        1
 Magic Dart               Conj           0%         1d3       100%        1
 Call Imp                 Summ           0%         N/A       100%        2
 Frozen Ramparts          Ice            0%         1d1       100%        3
 Hailstorm                Conj/Ice       0%         3d3       100%        3
 Mephitic Cloud           Conj/Pois/Air  0%         N/A       100%        3
 Petrify                  Tmut/Erth      0%         N/A       100%        4
 Metabolic Englaciation   Hex/Ice        0%         N/A       100%        5


Dungeon Overview and Level Annotations

Branches:
Dungeon (7/15)             Temple (0/1) D:7

Altars:
Elyvilon
Qazlal
Ru
Vehumet
Xom


Innate Abilities, Weirdness & Mutations

You have a pair of horns on your head.
You reflexively headbutt those who attack you in melee.


Message History

The fiery explosion engulfs your butterfly!
Your butterfly disappears in a burst of colours!
Your butterfly explodes!
The fiery explosion engulfs your butterfly!!
Your butterfly disappears in a burst of colours!
Your butterfly explodes!
The fiery explosion engulfs your butterfly!!
Your butterfly disappears in a burst of colours!
The fiery explosion engulfs your butterfly!!
Your butterfly disappears in a burst of colours!
Your butterfly explodes!
The fiery explosion engulfs your butterfly!!
Your butterfly disappears in a burst of colours!
Your butterfly explodes!
The fiery explosion engulfs your butterfly!!
Your butterfly disappears in a burst of colours!
The fiery explosion engulfs your butterfly!
Your butterfly disappears in a burst of colours!
Your butterfly explodes!
The fiery explosion engulfs your butterfly!!
Your butterfly disappears in a burst of colours!
The fiery explosion engulfs your butterfly!!
Your butterfly disappears in a burst of colours!
Your butterfly explodes!
The fiery explosion engulfs your butterfly!!
Your butterfly disappears in a burst of colours!
The fiery explosion engulfs your butterfly!!
Your butterfly disappears in a burst of colours!
Your butterfly explodes!
The fiery explosion engulfs your butterfly!!
Your butterfly disappears in a burst of colours!
Your butterfly explodes! x3
The fiery explosion engulfs your butterfly!!
Your butterfly disappears in a burst of colours!
Your butterfly explodes! x8
The fiery explosion engulfs you!!
* * * LOW HITPOINT WARNING * * *
Your butterfly explodes! x2
The fiery explosion engulfs you!!
You die...

######.........#,,*,,*,,*,*,
######.........#..*,***,**,*
######..§§§§..)#.,*,,*,,*,*,
######.b.§§§§§§..,**,*,***,*
######..§§§§§§§#*,#**,***,*,
######..§§§§§§§##.# *** ***,
######§§§§§§§§§§§§# ***,,,
######§§§§§§§§§#§##****,,,,,
######§§§§§@☼§§§§§.*,,,,,,,~
#######§§§§§§§§§§§.****,,,,,
########§§§§§#§§§§.* ***,,,
##############.§§§>*********
##############.,§§.,,,,,****
###############*,..,,,,,,,,*
###############***#*******,*
*,, ***


There were no monsters in sight!

Vanquished Creatures
  Grinder (D:5)
  A slime creature (D:7)
  Sigmund (D:5)
  Eustachio (D:6)
  Edmund (D:6)
  Menkaure (D:5)
  Duvessa (D:7)
  A water moccasin (D:7)
  A sky beast (D:7)
  5 orc warriors
  3 ice beasts
  3 black bears
  An ogre (D:5)
  A bullfrog (D:7)
  4 scorpions
  A wight (D:7)
  Dowan (D:7)
  3 killer bees (D:7)
  6 howler monkeys
  3 hounds
  4 orc priests
  A sleepcap (D:4)
  Natasha (thrice) (D:3)
  2 iguanas (D:7)
  5 orc wizards
  Robin (D:3)
  10 adders
  7 gnolls
  A white imp (D:6)
  3 worms
  A dart slug (D:1)
  26 orcs
  7 ball pythons
  7 endoplasms
  6 giant cockroaches
  9 hobgoblins
  2 jackals (D:2)
  11 kobolds
  3 quokkas
  4 bats
  6 frilled lizards
  8 goblins
  6 rats
173 creatures vanquished.

Notes
Turn   | Place    | Note
-------+----------+-------------------------------------------
     0 | D:1      | Getoffmy the Minotaur Fighter began the quest for the Orb.
     0 | D:1      | Reached XP level 1. HP: 19/19 MP: 0/0
    61 | D:1      | Reached XP level 2. HP: 27/27 MP: 1/1
   153 | D:1      | Reached skill level 3 in Axes
   339 | D:1      | Found a white marble altar of Elyvilon.
   380 | D:1      | Reached XP level 3. HP: 33/33 MP: 2/2
   877 | D:2      | Reached XP level 4. HP: 23/40 MP: 3/3
   886 | D:2      | Reached skill level 4 in Axes
  1454 | D:3      | Noticed Natasha
  1461 | D:3      | Killed Natasha
  1462 | D:3      | Reached XP level 5. HP: 47/47 MP: 4/4
  1482 | D:3      | Noticed Natasha
  1492 | D:3      | Killed Natasha
  1545 | D:3      | Noticed Natasha
  1551 | D:3      | Killed Natasha
  1649 | D:3      | Reached skill level 5 in Axes
  1708 | D:3      | Reached skill level 5 in Armour
  1708 | D:3      | Reached XP level 6. HP: 54/55 MP: 5/5
  1774 | D:3      | Found a sacrificial altar of Ru.
  1993 | D:3      | Noticed Robin
  1998 | D:3      | Killed Robin
  2466 | D:4      | Reached skill level 5 in Fighting
  2466 | D:4      | Reached skill level 5 in Shields
  2861 | D:4      | Reached skill level 6 in Axes
  2898 | D:4      | Found a radiant altar of Vehumet.
  2922 | D:4      | Reached XP level 7. HP: 61/61 MP: 6/6
  3027 | D:4      | Found a white marble altar of Elyvilon.
  3036 | D:4      | Found a stormy altar of Qazlal.
  3098 | D:4      | Became a worshipper of Qazlal Stormbringer
  3136 | D:5      | Entered Level 5 of the Dungeon
  3400 | D:5      | Noticed Grinder
  3410 | D:5      | Killed Grinder
  3411 | D:5      | Reached skill level 7 in Axes
  3411 | D:5      | Reached skill level 1 in Invocations
  3420 | D:5      | Identified the amulet "Noufon" {Reflect *Corrode rElec SH+5
                  | SInv}
  3806 | D:5      | Noticed Sigmund
  3825 | D:5      | Killed Sigmund
  3826 | D:5      | Reached XP level 8. HP: 71/71 MP: 8/8
  3994 | D:5      | Noticed Menkaure
  3997 | D:5      | Killed Menkaure
  3998 | D:5      | Reached skill level 8 in Axes
  4673 | D:6      | Reached skill level 9 in Axes
  4744 | D:6      | Found a shimmering altar of Xom.
  4789 | D:6      | Noticed Eustachio
  5053 | D:6      | Killed Eustachio
  5054 | D:6      | Reached XP level 9. HP: 72/79 MP: 11/11
  5129 | D:6      | Identified the +0 leather armour of the Wasteland {rPois
                  | rN++ Int-4 Stlth+}
  5260 | D:6      | Noticed Edmund
  5282 | D:6      | Killed Edmund
  5295 | D:6      | Reached skill level 5 in Invocations
  5578 | D:7      | Found a staircase to the Ecumenical Temple.
  5658 | D:7      | Reached * piety under Qazlal
  5860 | D:7      | Reached skill level 10 in Axes
  6229 | D:7      | Noticed Duvessa
  6230 | D:7      | Noticed Dowan
  6242 | D:7      | Killed Dowan
  6245 | D:7      | Killed Duvessa
  6403 | D:7      | Killed by an exploding butterfly... ignited by their inner
                  | flame

Illustrated notes

Levels and vault maps discovered:
D:1:      scummos_arrival_checkerplants, layout_loops_ring, minmay_hexomino_r4
D:2:      layout_basic
D:3:      layout_basic, mainiacjoe_overflow_alcove_2, kennysheep_path_1,
          chequers_serial_rivers_room_b, uniq_robin, uniq_natasha
D:4:      layout_cave_pools, kennysheep_mini_moat, mainiacjoe_overflow_alcove_4,
          nicolae_vehumet_radiance
D:5:      layout_rooms, serial_co_window_serial, co_window_of_opportunity_a,
          co_window_paths_a, co_window_paths_a, co_window_cross_1,
          co_window_corner_a, co_window_of_opportunity_b, co_window_2corner,
          co_window_unsneaky_path_e, co_window_unsneaky_path_a,
          co_window_corner_b, co_window_paths_d, glass_columns_c,
          glass_columns_a, glass_columns_a, uniq_menkaure, uniq_grinder,
          uniq_sigmund
D:6:      layout_basic, mainiacjoe_overflow_chevrons, minmay_fountain_box,
          chequers_serial_rivers_micro_c, chequers_serial_rivers_micro_a,
          uniq_eustachio, uniq_edmund
D:7:      nzn_winding_woodlands_three_and_one [nzn_winding_woodlands_5x15_cabin,
          nzn_winding_woodlands_5x15_split_checker,
          nzn_winding_woodlands_5x15_twine,
          nzn_winding_woodlands_center_garden], layout_rooms, nrook_mini_vaults,
          uniq_jeremiah, uniq_duvessa

Skill      XL: |  1  2  3  4  5  6  7  8  9 |
---------------+----------------------------+-----
Axes           | 3 4 5 6 7 9 10 | 10.5
Armour         | 4 5 7 |  7.3
Shields        | 4 5 |  5.3
Fighting       | 4 5 6 7 8 |  8.8
Invocations    | 2 4 6 |  6.9

Action                     |  1- 3 |  4- 6 |  7- 9 || total
---------------------------+-------+-------+-------++-------
  Melee: War axe           |    82 |   137 |   265 ||   484
         Headbutt          |     7 |    21 |    55 ||    83
  Evoke: Wand              |       |       |     1 ||     1
    Use: Potion            |       |       |     2 ||     2
         Scroll            |       |       |    14 ||    14
 Armour: Scale mail        |    20 |       |       ||    20
         Chain mail        |    43 |   104 |    45 ||   192
         Plate armour      |       |       |   115 ||   115
  Dodge: Dodged            |    55 |    52 |    44 ||   151
  Block: Buckler           |    26 |    75 |   133 ||   234
         Reflection        |       |     1 |     1 ||     2

Table legend: (Time is in decaauts)
 A = Elapsed time spent in this place.
 B = Non-inter-level travel time spent in this place.
 C = Inter-level travel time spent in this place.
 D = Time resting spent in this place.
 E = Time spent auto-exploring this place.
 F = Levels seen in this place.
 G = Mean time per level.
                   A        B        C        D        E       F      G
               +--------+--------+--------+--------+--------+-----+--------+
         Total |   6495 |   6225 |    270 |   1567 |   3372 |   7 |  927.9 |
       Dungeon |   6495 |   6225 |    270 |   1567 |   3372 |   7 |  927.9 |
               +--------+--------+--------+--------+--------+-----+--------+

Top non-repeatable levels by time:
     D:5: 1511 daAuts
     D:6: 1029 daAuts
     D:3: 1023 daAuts
     D:2: 833 daAuts
     D:7: 745 daAuts
     D:4: 694 daAuts
     D:1: 657 daAuts
